 Dungeon Crawl Stone Soup version bcrawl-1.13.5 (webtiles) character file.

Game seed: 4404967882297676441

26395 Bodigarde the Severer (level 12, -5/112 HPs)
             Began as a Minotaur Berserker on Aug 21, 2019.
             Was an Elder of Trog.
             Slain by a death yak (22 damage)
             ... on level 4 of the Lair of Beasts.
             The game lasted 00:40:57 (14418 turns).

Bodigarde the Severer (Minotaur Berserker)         Turns: 14418, Time: 00:40:58

Health: -5/112     AC: 13    Str: 26    XL:     12   Next: 97%
Magic:  11/11      EV: 14    Int:  4    God:    Trog [****..]
Gold:   811        SH:  0    Dex: 11    Spells: 11/11 levels left

rFire    . . .     SeeInvis .   a - +1 battleaxe (freeze)
rCold    . . .     Gourm    .   (shield currently unavailable)
rNeg     . . .     Faith    +   z - +0 chain mail
rPois    +         Spirit   .   (helmet restricted)
rElec    .         Reflect  .   (no cloak)
rCorr    .         Harm     .   C - +0 pair of gloves
MR       +....                  (no boots)
Stlth    ..........             G - amulet of faith
HPRegen  0.28/turn              p - ring of poison resistance
MPRegen  0.12/turn              y - ring of protection from magic

@: confused, berserk cooldown, slowed, very slow
A: retaliatory headbutt, horns 2
a: Berserk, Trog's Hand, Brothers in Arms, Renounce Religion


You were on level 4 of the Lair of Beasts.
You worshipped Trog.
Trog was greatly pleased with you.
You were near starving.

You visited 2 branches of the dungeon, and saw 11 of its levels.

You collected 811 gold pieces.

Inventory:

Hand Weapons
 a - a +1 battleaxe of freezing (weapon)
 b - a +1 flail of draining
 m - a +0 spear
 H - a +0 broad axe of venom
 J - a cursed -1 war axe
Missiles
 g - 2523 stones (quivered)
Armour
 z - a +0 chain mail (worn)
 C - a +0 pair of gloves (worn)
Jewellery
 i - an uncursed ring of positive energy
 j - an uncursed ring of protection from fire
 p - a ring of poison resistance (left hand)
 w - an uncursed amulet of guardian spirit
 y - a ring of protection from magic (right hand)
 G - an amulet of faith (around neck)
Wands
 r - a wand of disintegration (23)
 x - a wand of flame (14)
 A - a wand of polymorph (19)
 B - a wand of enslavement (14)
Scrolls
 h - a scroll of noise {unknown}
 k - a scroll of enchant armour {unknown}
 o - a scroll of fear
 q - a scroll of immolation {unknown}
 t - a scroll of blinking
 v - 3 scrolls of teleportation
 D - a scroll of enchant weapon {unknown}
 F - a scroll of fog
 K - a scroll of summoning {unknown}
 L - a scroll of vulnerability {unknown}
Potions
 d - 2 potions of haste
 e - a potion of lignification {unknown}
 f - 5 potions of curing
 l - 3 potions of magic
 n - a potion of brilliance {unknown}
 s - 2 potions of mutation
 E - a potion of might {unknown}
Comestibles
 c - 17 rations {!d}
 I - 4 chunks of flesh


   Skills:
 + Level 12.2 Fighting
 * Level 16.1 Axes
 + Level 11.9 Armour
 + Level 11.1 Dodging


You had 11 spell levels left.
You didn't know any spells.
Your spell library was empty.

Dungeon Overview and Level Annotations

Branches:
Dungeon (7/12)             Temple (0/1) D:5            Lair (4/6) D:7
 Spider (0/3) Lair:4
  Swamp: Lair:2-4    Shoals: Lair:2-4

Altars:
Ashenzari
Elyvilon
Ru
Sif Muna
Xom
Zin

Annotations:
Lair:4 exclusion: ice statue


Innate Abilities, Weirdness & Mutations

You reflexively headbutt those who attack you in melee.
You have a pair of horns on your head.


Message History

The death yak gores you!!
* * * LOW HITPOINT WARNING * * *
You barely miss the death yak. Your headbutt misses the death yak.
The death yak is heavily wounded.
The death yak barely misses you. You furiously retaliate!
You headbutt the death yak! The death yak closely misses you.
You slice the death yak!! You freeze the death yak.
You kill the death yak!
Trog accepts your kill.
The yak bellows!
You slice the yak!! You freeze the yak.
The yak is severely wounded.
The yak seems to regain its courage.
The yak gores you!
* * * LOW HITPOINT WARNING * * *
You are confused.
You feel invigorated. The death yak gores you!
* * * LOW HITPOINT WARNING * * *
You bump into the rock wall.
The death yak misses you.
You bump into the rock wall.
The death yak gores you!!
You die...

##........##
##..#....#
#####...##
###.....#
.#......##
........##
P.........#
#........Y###
#.......YYY@#
..#.P...Y### .
#####...Y## ..
##....#####.#
#...Y..#...#..#
#........Y.......#
...........Y.#...#
..........Y....# #
..........Y##..#


You could see a death yak and 4 yaks.

Vanquished Creatures
  2 hydras (Lair:3)
  An alligator (Lair:4)
  A catoblepas (Lair:4)
  A two-headed ogre (D:7)
  6 death yaks (Lair:4)
  A fire crab (Lair:3)
  An elephant (D:7)
  3 black mambas
  8 cane toads
  A komodo dragon (Lair:1)
  A freezing wraith (Lair:4)
  A troll (D:5)
  9 polar bears
  A hornet (D:7)
  Grinder (D:4)
  8 hippogriffs
  A shadow (D:6)
  A tarantella (Lair:4)
  2 basilisks
  23 yaks
  Edmund (D:6)
  12 water moccasins
  7 porcupines
  Duvessa (D:5)
  7 ice beasts
  A sky beast (D:3)
  A black bear (D:7)
  6 ogres
  A wolf (Lair:3)
  A phantom (D:4)
  2 centaurs (D:6)
  8 crocodiles
  7 bullfrogs
  A big kobold (D:6)
  Dowan (D:5)
  2 scorpions (D:5)
  4 killer bees (D:4)
  3 wights (D:3)
  2 crimson imps
  2 bullfrog zombies (D:7)
  A quasit (D:7)
  4 orc wizards
  6 orc priests
  5 hounds
  2 jellies
  A bullfrog skeleton (D:7)
  A centaur skeleton (D:5)
  6 iguanas
  Terence (D:2)
  7 worker ants
  A hound skeleton (D:6)
  3 gnolls (D:5)
  A howler monkey zombie (D:6)
  10 adders
  3 shadow imps
  A white imp (Lair:4)
  An adder skeleton (D:7)
  3 worms
  3 leopard geckos
  27 orcs
  A ball python (D:1)
  6 giant cockroaches
  6 goblins
  4 hobgoblins
  4 jackals
  7 quokkas
  7 bats
  4 frilled lizards
  7 kobolds
  3 rats
  2 fungi
281 creatures vanquished.

Vanquished Creatures (collateral kills)
  Sonja (Lair:4)
1 creature vanquished.

Vanquished Creatures (others)
  6 fungi
  6 plants (Lair:4)
12 creatures vanquished.

Grand Total: 294 creatures vanquished

Notes
Turn   | Place    | Note
-------+----------+-------------------------------------------
     0 | D:1      | Bodigarde the Minotaur Berserker began the quest for the
                  | Orb.
     0 | D:1      | Reached XP level 1. HP: 19/19 MP: 0/0
   534 | D:1      | Reached XP level 2. HP: 22/27 MP: 1/1
   717 | D:1      | Reached skill level 4 in Axes
   900 | D:2      | Noticed Terence
   912 | D:2      | Killed Terence
   912 | D:2      | Reached XP level 3. HP: 32/33 MP: 2/2
  1407 | D:2      | Noticed an ogre
  1413 | D:2      | Killed an ogre
  1413 | D:2      | Reached ** piety under Trog
  1413 | D:2      | Reached skill level 5 in Axes
  1413 | D:2      | Reached XP level 4. HP: 41/41 MP: 3/3
  1413 | D:2      | Reached XP level 5. HP: 47/47 MP: 4/4
  2306 | D:3      | Noticed a sky beast
  2324 | D:3      | Killed a sky beast
  2324 | D:3      | Reached XP level 6. HP: 26/55 MP: 5/5
  2326 | D:3      | Reached skill level 5 in Fighting
  2566 | D:3      | Reached skill level 6 in Axes
  3564 | D:4      | Found a shimmering altar of Xom.
  3567 | D:4      | Noticed an angel
  3639 | D:4      | Found a glowing silver altar of Zin.
  3771 | D:4      | Reached XP level 7. HP: 59/61 MP: 6/6
  3820 | D:4      | Reached skill level 7 in Axes
  4050 | D:4      | Noticed Grinder
  4081 | D:4      | Killed Grinder
  4081 | D:4      | Reached skill level 5 in Armour
  4283 | D:4      | Reached skill level 5 in Dodging
  4283 | D:4      | Reached XP level 8. HP: 50/70 MP: 7/7
  4297 | D:4      | Reached skill level 8 in Axes
  4566 | D:5      | Entered Level 5 of the Dungeon
  4667 | D:5      | Noticed Dowan
  4687 | D:5      | Noticed Duvessa
  4709 | D:5      | Killed Duvessa
  4711 | D:5      | Killed Dowan
  5156 | D:5      | Reached skill level 9 in Axes
  5176 | D:5      | Reached *** piety under Trog
  5469 | D:5      | Noticed a troll
  5484 | D:5      | Killed a troll
  5484 | D:5      | Reached XP level 9. HP: 79/79 MP: 8/8
  5828 | D:5      | Found a staircase to the Ecumenical Temple.
  5883 | D:5      | Reached skill level 10 in Axes
  5892 | D:5      | Found a white marble altar of Elyvilon.
  5892 | D:5      | Found a shattered altar of Ashenzari.
  6442 | D:6      | Noticed Edmund
  6455 | D:6      | Killed Edmund
  7055 | D:6      | Found a shimmering blue altar of Sif Muna.
  7291 | D:7      | Reached skill level 11 in Axes
  7291 | D:7      | Noticed an elephant
  7302 | D:7      | Killed an elephant
  7302 | D:7      | Reached XP level 10. HP: 45/90 MP: 9/9
  7376 | D:7      | Reached **** piety under Trog
  7627 | D:7      | Found a staircase to the Lair.
  7779 | D:7      | Noticed a two-headed ogre
  7784 | D:7      | Killed a two-headed ogre
  7784 | D:7      | Reached skill level 12 in Axes
  8278 | Lair:1   | Entered Level 1 of the Lair of Beasts
  8290 | Lair:1   | Noticed a cane toad
  8302 | Lair:1   | Killed a cane toad
  8913 | Lair:1   | Reached XP level 11. HP: 62/99 MP: 10/10
  8923 | Lair:1   | Reached skill level 13 in Axes
  9124 | Lair:1   | Reached skill level 10 in Fighting
  9855 | Lair:2   | Found a sacrificial altar of Ru.
 10053 | Lair:2   | Reached skill level 10 in Armour
 11182 | Lair:3   | Reached skill level 14 in Axes
 11786 | Lair:3   | Noticed a five-headed hydra
 11816 | Lair:3   | Killed a five-headed hydra
 12147 | Lair:3   | Noticed a seven-headed hydra
 12149 | Lair:3   | Noticed a fire crab
 12167 | Lair:3   | Killed a seven-headed hydra
 12173 | Lair:3   | Reached skill level 10 in Dodging
 12173 | Lair:3   | Reached XP level 12. HP: 108/110 MP: 11/11
 12180 | Lair:3   | Reached ***** piety under Trog
 12894 | Lair:4   | Reached skill level 15 in Axes
 13423 | Lair:4   | Noticed a catoblepas
 13432 | Lair:4   | Killed a catoblepas
 13581 | Lair:4   | Noticed Sonja
 13602 | Lair:4   | Killed Sonja
 13717 | Lair:4   | Found a hole to the Spider Nest.
 13744 | Lair:4   | Noticed an alligator
 13762 | Lair:4   | Killed an alligator
 13933 | Lair:4   | Received a gift from Trog
 14159 | Lair:4   | Noticed a death yak
 14160 | Lair:4   | Noticed a death yak
 14176 | Lair:4   | Killed a death yak
 14361 | Lair:4   | Noticed a death yak
 14362 | Lair:4   | Noticed a death yak
 14362 | Lair:4   | Noticed a death yak
 14362 | Lair:4   | Noticed a death yak
 14363 | Lair:4   | Noticed a death yak
 14363 | Lair:4   | Noticed a death yak
 14376 | Lair:4   | Killed a death yak
 14384 | Lair:4   | Killed a death yak
 14388 | Lair:4   | Killed a death yak
 14388 | Lair:4   | Reached skill level 16 in Axes
 14394 | Lair:4   | Killed a death yak
 14414 | Lair:4   | Killed a death yak
 14418 | Lair:4   | Slain by a death yak

Skill      XL: |  1  2  3  4  5  6  7  8  9 10 11 12 |
---------------+-------------------------------------+-----
Axes           | 4 5 6 7 9 11 12 14 16 | 16.1
Fighting       | 4 5 6 7 8 9 11 12 | 12.2
Armour         | 3 4 5 6 8 9 10 11 | 11.9
Dodging        | 3 4 5 6 7 8 10 11 | 11.1

Action                   |  1- 3 |  4- 6 |  7- 9 | 10-12 || total
-------------------------+-------+-------+-------+-------++-------
Melee: Hand axe          |    64 |   104 |   242 |       ||   410
       Headbutt          |     7 |    19 |    76 |   129 ||   231
       War axe           |       |       |    90 |   466 ||   556
       Flail             |       |       |       |    24 ||    24
       Battleaxe         |       |       |       |    63 ||    63
Throw: Stone             |     3 |       |     6 |     1 ||    10
Invok: Berserk           |     2 |     2 |     4 |    11 ||    19
       Trog's Hand       |       |       |     3 |     5 ||     8
       Brothers in Arms  |       |       |       |     2 ||     2
  Use: Scroll            |       |     3 |     3 |     7 ||    13
       Potion            |       |       |       |     2 ||     2
  Eat: Chunk             |     2 |    11 |    11 |    28 ||    52
       Ration            |       |       |     1 |     2 ||     3
Armor: Animal skin       |     6 |       |       |       ||     6
       Ring mail         |     7 |    26 |       |       ||    33
       Chain mail        |       |     3 |   108 |   238 ||   349
Dodge: Dodged            |    50 |    55 |   152 |   312 ||   569
